 Dungeon Crawl Stone Soup version 0.27-a0-242-ge0fc76b88b (webtiles) character file.

Game seed: 5221066401961116166

104 lunkers the Gusty (level 4, -6/33 HPs)
             Began as a Demigod Air Elementalist on Feb 2, 2021.
             Mangled by an orc
             ... wielding a +0 trident
              (10 damage)
             ... on level 3 of the Dungeon.
             The game lasted 00:02:20 (2195 turns).

lunkers the Gusty (Demigod Air Elementalist)        Turns: 2195, Time: 00:02:21

Health: -6/33      AC:  2    Str: 11    XL:     4   Next: 28%
Magic:  8/10       EV: 12    Int: 21    God:
Gold:   61         SH:  0    Dex: 16    Spells: 7/8 levels left

rFire    . . .     SeeInvis .   (no weapon)
rCold    . . .     Faith    .   (no shield)
rNeg     . . .     Spirit   .   a - +0 robe
rPois    .         Reflect  .   (no helmet)
rElec    .         Harm     .   (no cloak)
rCorr    .         Rampage  .   (no gloves)
Will     .....                  (no boots)
Stlth    ++........             (no amulet)
HPRegen  0.11/turn              (no ring)
MPRegen  0.12/turn              (no ring)

@: no status effects
A: high mp 1
a: no special abilities


You were on level 3 of the Dungeon.
You visited 1 branch of the dungeon, and saw 3 of its levels.

You collected 61 gold pieces.

Inventory:

Armour
 a - a +0 robe (worn)
Scrolls
 b - a scroll of immolation {unknown}
 c - a scroll of remove curse {unknown}
 d - 2 scrolls of fear {unknown}
 e - a scroll of teleportation {unknown}
 f - 3 scrolls of identify {unknown}
 g - a scroll of noise {unknown}
Potions
 h - 2 potions of brilliance {unknown}
 i - a potion of flight {unknown}


   Skills:
 - Level 1.7 Dodging
 - Level 1.7 Stealth
 + Level 2.6 Spellcasting
 - Level 0.8 Conjurations
 * Level 4.3 Air Magic


You had 7 spell levels left.
You knew the following spells:

 Your Spells              Type           Power        Failure   Level
a - Shock                 Conj/Air       52%          4%          1

Your spell library contained the following spells:

 Spells                   Type           Power        Failure   Level
 Swiftness                Air            20%          3%          2
 Static Discharge         Conj/Air       13%          14%         3
 Airstrike                Air            10%          24%         4
 Lightning Bolt           Conj/Air       6%           78%         5


Dungeon Overview and Level Annotations

Branches:
Dungeon (2/15)

Annotations:
D:3 3 runed translucent doors, Tarl's ghost, amateur FoAK


Innate Abilities, Weirdness & Mutations

You have an increased reservoir of magic. (+10% MP)


Message History

Confirm with . or Enter, or press ? or * to list all spells.
Aiming: Shock (safe; 4% risk of failure)
Press: ? - help, Shift-Dir - straight line, f/p - orc
Aim: an orc, wielding a +0 trident (heavily wounded, 32% to evade)
The zap misses the orc.
The orc hits you from afar with a +0 trident.
* * * LOW HITPOINT WARNING * * *
Unknown command.
The orc hits you from afar with a +0 trident.
* * * LOW HITPOINT WARNING * * *
Casting: Shock (safe; 4% risk of failure)
Confirm with . or Enter, or press ? or * to list all spells.
Aiming: Shock (safe; 4% risk of failure)
Press: ? - help, Shift-Dir - straight line, f/p - orc
Aim: an orc, wielding a +0 trident (moderately wounded, 32% to evade)
The zap hits the orc.
The orc is almost dead.
The zap misses the orc.
The orc hits you from afar with a +0 trident!
You die...

########## #####.........
#...)......... #
#.###.........
############.###.........
...............o.........
####.........###.........
.......####### #@........
####.#.....# ##.........
## #.......# #.......###
.# ######### #......... .#
#.......### ##########
#.......#
.........######.......###
........................#
########.#.....####...#).#


You could see an orc.

Vanquished Creatures
  An orc priest (D:3)
  2 adders (D:3)
  A dart slug (D:3)
  2 leopard geckos (D:1)
  3 orcs (D:3)
  3 giant cockroaches
  5 goblins
  5 hobgoblins
  5 jackals
  8 kobolds
  2 quokkas
  7 bats
  3 frilled lizards
  2 rats
49 creatures vanquished.

Notes
Turn   | Place    | Note
-------+----------+-------------------------------------------
     0 | D:1      | lunkers the Demigod Air Elementalist began the quest for
                  | the Orb.
     0 | D:1      | Reached XP level 1. HP: 14/14 MP: 5/5
   124 | D:1      | Reached skill level 3 in Air Magic
   233 | D:1      | Reached XP level 2. HP: 20/20 MP: 4/7
  1417 | D:2      | Reached XP level 3. HP: 26/26 MP: 7/9
  1658 | D:2      | You fall into a shaft and drop 1 floor!
  1833 | D:3      | Found a runed translucent gate.
  1834 | D:3      | Found a runed translucent gate.
  1837 | D:3      | Noticed Tarl's ghost (amateur FoAK)
  1840 | D:3      | Found a runed translucent gate.
  1880 | D:3      | Reached skill level 4 in Air Magic
  2084 | D:3      | Reached XP level 4. HP: 33/33 MP: 1/10
  2096 | D:3      | HP: 1/33 [orc priest/divine providence (11)]
  2195 | D:3      | Mangled by an orc

Illustrated notes

Levels and vault maps discovered:
D:1:      ncdulo_smallfort, layout_loops_ring, moated_statue, minmay_cut_off
D:2:      layout_loops_cross, minmay_misc_feat_nine_boxes, dk_noncrumbling_3
D:3:      layout_basic, general_overflow_altar, gammafunk_ghost_split,
          chequers_decorated_corner, chequers_jeans

Skill      XL: |  1  2  3 |
---------------+----------+-----
Air Magic      | 3 4 |  4.3
Spellcasting   | 2 |  2.6
Dodging        | |  1.7
Stealth        | |  1.7
Conjurations   | |  0.8

Action                   |  1- 3 |  4- 6 || total
-------------------------+-------+-------++-------
Melee: Unarmed           |     3 |     3 ||     6
 Cast: Shock             |   109 |     6 ||   115
Armor: Robe              |     2 |       ||     2
Dodge: Dodged            |    17 |     1 ||    18

Table legend: (Time is in decaauts)
 A = Elapsed time spent in this place.
 B = Non-inter-level travel time spent in this place.
 C = Inter-level travel time spent in this place.
 D = Time resting spent in this place.
 E = Time spent auto-exploring this place.
 F = Levels seen in this place.
 G = Mean time per level.
                   A        B        C        D        E       F      G
               +--------+--------+--------+--------+--------+-----+--------+
         Total |   2194 |   2161 |     33 |     43 |   1814 |   3 |  731.3 |
       Dungeon |   2194 |   2161 |     33 |     43 |   1814 |   3 |  731.3 |
               +--------+--------+--------+--------+--------+-----+--------+

Top non-repeatable levels by time:
     D:1: 1166 daAuts
     D:3: 536 daAuts
     D:2: 491 daAuts
